 Dungeon Crawl Stone Soup version 0.26.1-11-gd32895ea62 (webtiles) character file.

Game seed: 12503394897196084173

33348 infcreate the Unseen (level 13, 75/75 HPs)
             Began as a Vampire Enchanter on Apr 17, 2021.
             Was an Elder of Dithmenos.
             Quit the game in a Gauntlet on Apr 18, 2021.
             The game lasted 00:58:57 (19608 turns).

infcreate the Unseen (Vampire Enchanter)           Turns: 19608, Time: 00:58:57

Health: 75/75      AC: 16    Str: 14    XL:     13   Next: 36%
Magic:  26/26      EV: 25    Int: 27    God:    Dithmenos [****..]
Gold:   1311       SH:  0    Dex: 19    Spells: 18/30 levels left

rFire    . . .     SeeInvis +   a - +7 dagger (vorpal)
rCold    + + .     Faith    .   (no shield)
rNeg     + + +     Spirit   .   A - +4 steam dragon scales
rPois    ∞         Reflect  .   u - +1 helmet
rElec    .         Harm     .   b - +1 cloak
rCorr    .         Rampage  .   N - +0 pair of gloves
Will     +....     NoTele   +   G - +1 pair of boots Stlth **++++++++
                                R - amulet of Iqorotz {Regen+ Str+7 Int+3}
HPRegen  0.62/turn              E - +4 ring of evasion
MPRegen  0.20/turn              I - +6 ring of intelligence

@: bloodless, wreathed by umbra, studying Long Blades
A: fangs 3, see invisible, unbreathing
a: Bat Form, Revivify, Renounce Religion, Shadow Step


You were in a Gauntlet.
You worshipped Dithmenos.
Dithmenos was greatly pleased with you.
You visited 3 branches of the dungeon, and saw 16 of its levels.
You also visited: Gauntlet and Volcano.

You collected 1311 gold pieces.


Innate Abilities, Weirdness & Mutations

You do not regenerate when monsters are visible.
You are frail without blood (-20% HP).
You can heal yourself when you bite living creatures.
You are immune to poison.
You have razor-sharp teeth.
You have supernaturally acute eyesight. (SInv)
You can survive without breathing.


   Skills:
 + Level 6.3 Fighting
 * Level 10.9 Short Blades
 * Level 11.1 Dodging
 * Level 15.2 Stealth
 * Level 9.4 Spellcasting
 * Level 14.0 Hexes


You had 18 spell levels left.
You knew the following spells:

 Your Spells              Type           Power        Failure   Level
c - Corona                Hex            81%          0%          1
d - Tukima's Dance        Hex            73%          1%          3
e - Ensorcelled Hibernat  Hex/Ice        100%         1%          2
f - Dazzling Flash        Conj/Hex       100%         1%          3
t - Confusing Touch       Hex            73%          1%          3

Your spell library contained the following spells:

 Spells                   Type           Power        Failure   Level
 Summon Guardian Golem    Hex/Summ       50%          1%          3
 Invisibility             Hex            73%          2%          6
 Apportation              Tloc           24%          4%          1
 Beastly Appendage        Tmut           24%          4%          1
 Summon Small Mammal      Summ           48%          4%          1
 Call Imp                 Summ           12%          7%          2
 Wereblood                Tmut           12%          7%          2
 Call Canine Familiar     Summ           12%          14%         3
 Lesser Beckoning         Tloc           6%           14%         3
 Spider Form              Tmut/Pois      6%           14%         3
 Ice Form                 Ice/Tmut       12%          41%         4
 Summon Ice Beast         Ice/Summ       12%          41%         4
 Summon Lightning Spire   Summ/Air       12%          41%         4
 Alistair's Intoxication  Tmut/Pois      8%           77%         5
 Blade Hands              Tmut           6%           77%         5

Inventory:

Hand Weapons
 a - a +7 vorpal dagger (weapon)
Missiles
 c - a throwing net {=f}
Armour
 b - a +1 cloak (worn)
 r - a +2 robe of cold resistance
 u - a +1 helmet (worn)
 A - +4 steam dragon scales (worn)
 G - a +1 pair of boots (worn)
 N - a +0 pair of gloves (worn)
 P - a +1 robe of willpower
Jewellery
 C - an uncursed ring of ice
 E - a +4 ring of evasion (left hand)
 I - a +6 ring of intelligence (right hand)
 R - the amulet of Iqorotz (around neck) {Regen+ Str+7 Int+3}
   (You found it in a Gauntlet)

   [amulet of regeneration]

   It affects your strength (+7).
   It affects your intelligence (+3).
   It increases your rate of regeneration.
Wands
 l - a wand of disintegration (12)
 m - a wand of flame (38)
 o - a wand of digging (5)
 x - a wand of paralysis (9)
 D - a wand of iceblast (9)
 K - a wand of acid (10)
Scrolls
 d - a scroll of immolation
 h - a scroll of fear
 j - 3 scrolls of amnesia
 k - 2 scrolls of identify {@r1}
 q - 8 scrolls of remove curse {@r2}
 s - 5 scrolls of teleportation {@r4}
 y - a scroll of fog
 B - a scroll of blinking
 O - a scroll of magic mapping
Potions
 e - a potion of magic
 f - 10 potions of curing {@q1}
 g - 2 potions of mutation
 i - 3 potions of heal wounds {@q2}
 n - a potion of resistance
 p - 2 potions of ambrosia
 t - 4 potions of brilliance
 v - a potion of might {unknown}
 w - a potion of cancellation
 F - a potion of invisibility
 H - 3 potions of attraction
 J - a potion of flight {unknown}
 M - 2 potions of haste {@q3}
Books
 z - a manual of Long Blades {!d}
Miscellaneous
 L - a phial of floods
 S - a box of beasts

Dungeon Overview and Level Annotations

Branches:
Dungeon (11/15)            Temple (1/1) D:7            Lair (4/6) D:8
  Swamp (0/4) Lair:4       Spider (0/4) Lair:2          Orc (0/2) D:9
Volcano (visited)         Gauntlet (1/1)

Altars:
Ashenzari
Cheibriados
Dithmenos
Elyvilon
Fedhas
Gozag
Hepliaklqana
Kikubaaqudgha
Makhleb
Nemelex Xobeh
Okawaru
Qazlal
Ru
Sif Muna
Trog
Uskayaw
Vehumet
Wu Jian
Xom
Yredelemnul
Zin
The Shining One
Beogh

Shops:
D:4 (   D:5 ?   D:8 [   D:9 !   D:10 }

Annotations:
Lair:4 Nergalle Gauntlet 10 transporters, 21 runed translucent doors

▒8▒.§....▒©.......
▒▒▒..▒▒▒▒▒▒▒▒▒▒▒▒▒
▒..▒...░.░...▒.▒
▒..▒..░..)░..▒.▒
▓▓▓▓▒..▒.░░...░░.▒.▒
▓≈8≈▒..▒░..░.░..░▒.▒
▓...▒..▒....©....▒.▒
▓.8.▒▒▒▒░..░.░..░▒.▒
.▓▓..@..©▒.░░░▒░░░†▒..
▓....8.▒▒▒▒..░...░..▒..
▓.▓▓...▒..▒....§....▒..
▓.8.▒..▒▒▒▒▒▒▒▒▒▒▒..
.▓▓...▒≈.............≈
....8.▒∩............≈8
.▓▓...▒≈.............≈
▓.8.▒..▒▒▒▒▒▒▒▒▒▒▒..
▓...▒..▒..=.©|y..▒..


There were no monsters in sight!


Message History

Dithmenos accepts your kill.
Things that are here:
a death yak corpse; a death yak corpse The wolf pauses to sniff the ground.
Magic restored.
Q - a scroll labelled MIOSSI ZOSSAR
There is a transporter here.
R - a crude brass amulet
S - a box of beasts
As you read the scroll of identify {@r1}, it crumbles to dust.
R - the amulet of Iqorotz {Regen+ Str+7 Int+3} You finish putting on the amulet of Iqorotz {Regen+ Str+7 Int+3}.
The amulet of Iqorotz throbs as it attunes itself to your uninjured body.
You feel stronger.
You feel clever.
R - the amulet of Iqorotz (around neck) {Regen+ Str+7 Int+3}
As you read the scroll labelled MIOSSI ZOSSAR, it crumbles to dust.
It is a scroll of brand weapon.
Your +7 dagger emits a brilliant flash of light!
a - a +7 vorpal dagger (weapon)
There is a transporter here.
You enter the transporter and appear at another place.
Okay, then.
Are you sure you want to abandon this character and quit the game? (Confirm with "yes".)
Okay, then.
Saving game... please wait.
Level annotation: 10 transporters, 21 runed translucent doors Welcome back, infcreate the Vampire Enchanter.
Dithmenos says: Spread the eternal night.
Press ? for a list of commands and other information.
Are you sure you want to abandon this character and quit the game? (Confirm with "yes".)

Skill      XL: |  1  2  3  4  5  6  7  8  9 10 11 12 13 |
---------------+----------------------------------------+-----
Short Blades   | 2 3 4 5 6 8 9 10 | 10.9
Dodging        | 3 4 5 6 7 8 9 10 11 | 11.1
Stealth        | 5 6 7 9 10 11 13 14 15 | 15.2
Hexes          | 5 6 7 8 9 11 12 13 14 | 14.0
Fighting       | 1 2 3 4 5 6 |  6.3
Spellcasting   | 3 4 5 6 8 9 |  9.4

Action                   |  1- 3 |  4- 6 |  7- 9 | 10-12 | 13-15 || total
-------------------------+-------+-------+-------+-------+-------++-------
Melee: Dagger            |    37 |   116 |   547 |   635 |   100 ||  1435
       Bite              |     7 |     7 |    57 |    72 |     9 ||   152
       Short sword       |    68 |    16 |       |       |       ||    84
 Cast: Corona            |     6 |     2 |     9 |     7 |       ||    24
       Ensorcelled Hiber |     3 |    13 |    41 |    66 |     9 ||   132
       Confusing Touch   |     2 |     6 |    66 |    75 |    12 ||   161
       Tukima's Dance    |       |     1 |     2 |     7 |       ||    10
       Dazzling Flash    |       |       |       |     4 |     1 ||     5
Invok: Shadow Step       |       |       |       |     3 |       ||     3
 Abil: Exsanguinate      |     1 |       |       |       |       ||     1
  Use: Scroll            |       |     2 |     3 |    37 |     7 ||    49
 Stab: Sleeping          |    15 |    28 |    47 |    83 |    13 ||   186
       Confused          |     2 |     6 |    59 |    73 |    15 ||   155
       Distracted        |       |       |     1 |       |       ||     1
       Invisible         |       |       |       |     5 |     2 ||     7
Armor: Robe              |    21 |    22 |    56 |    48 |       ||   147
       Steam dragon scal |       |       |       |     3 |     4 ||     7
Dodge: Dodged            |    96 |    76 |   297 |   374 |    55 ||   898

Levels and vault maps discovered:
D:1:      erik_arrival_triangle_large, layout_basic
D:2:      layout_basic, hangedman_decor_slide_cut, uniq_natasha, uniq_sigmund
D:3:      layout_loops_cross, minmay_hedge_maze, uniq_crazy_yiuf_cottage,
          uniq_robin
D:4:      layout_loops_ring, serial_shops, nicolae_shop_window_shopping,
          uniq_pikel
D:5:      minmay_chambers_of_threes, layout_basic, overflow_temple_1_default,
          serial_shops, nicolae_shop_trees
D:6:      minmay_bubble_buster, layout_loops_ring, grunt_temple_overflow_open
D:7:      layout_cave_pods, xom_butterflies, minmay_temple_entry_sparse_star,
          minivault_26
D:8:      minmay_weird_star, layout_loops_ring,
          gammafunk_temple_overflow_elements, dpeg_lair_monsters, serial_shops,
          shop
D:9:      layout_roguey, minmay_orc_entry_temple_small, serial_shops, shop,
          minmay_radiant
D:10:     cheibrodos_elevator_heist, layout_basic, serial_rivers,
          chequers_serial_rivers_small_b, chequers_serial_rivers_micro_b,
          chequers_serial_rivers_room_b, chequers_serial_rivers_room_b,
          chequers_serial_rivers_micro_e, serial_shops,
          nicolae_shop_behind_doors, minmay_between
D:11:     nzn_winding_woodlands_cross [nzn_winding_woodlands_5x15_default,
          nzn_winding_woodlands_5x15_crooked,
          nzn_winding_woodlands_5x15_pathside_ponds,
          nzn_winding_woodlands_5x15_cabin,
          nzn_winding_woodlands_15x15_killbox], layout_irregular_city,
          grunt_potential
Temple:   eino_temple_rhombus
Lair:1:   layout_roguey, nicolae_volcano_entry_lava_flow,
          cheibrodos_lair_reptile_den
Lair:2:   layout_regular_city, spider_nest_entry_web_field, basic_altar,
          minivault_11, st_stairs_10, lemuel_fruit_tree
Lair:3:   layout_cellular_growth, minmay_lair_oklob_chamber, grunt_megastairs_1,
          infiniplex_staircase_pool_2, serial_bayou_shore_b, uniq_fannar,
          uniq_sonja
Lair:4:   regret_index_wax_grids, layout_regular_city, minmay_swamp_entry_wisps,
          gauntlet_entry_generic, grunt_megastairs_5, uniq_kirke, uniq_nergalle
Gauntlet: gammafunk_gauntlet_branching [gammafunk_gauntlet_arena_corners,
          gammafunk_gauntlet_arena_split_x,
          minmay_gauntlet_arena_make_your_own_arena,
          gammafunk_gauntlet_arena_grid, nicolae_gauntlet_swirl,
          nicolae_gauntlet_arena_blocks, nicolae_gauntlet_arena_grate_2,
          gammafunk_gauntlet_arena_chambers, gauntlet_exit_hidden_loot]

Notes
Turn   | Place    | Note
-------+----------+-------------------------------------------
     0 | D:1      | infcreate the Vampire Enchanter began the quest for the
                  | Orb.
     0 | D:1      | Reached XP level 1. HP: 13/13 MP: 3/3
   154 | D:1      | Reached XP level 2. HP: 15/15 MP: 5/5
   157 | D:1      | Learned a level 2 spell: Ensorcelled Hibernation
  1001 | D:2      | Reached XP level 3. HP: 20/20 MP: 6/6
  1005 | D:2      | Learned a level 3 spell: Confusing Touch
  1007 | D:2      | Noticed Sigmund
  1079 | D:2      | Reached skill level 2 in Short Blades
  1120 | D:2      | Noticed Natasha
  1286 | D:2      | Reached skill level 3 in Dodging
  1389 | D:2      | Reached skill level 5 in Stealth
  1645 | D:2      | Reached XP level 4. HP: 15/24 MP: 7/7
  1876 | D:2      | Killed Natasha
  1877 | D:2      | Reached skill level 5 in Hexes
  2087 | D:2      | Killed Sigmund
  2088 | D:2      | Reached skill level 1 in Fighting
  2088 | D:2      | Reached skill level 3 in Spellcasting
  2088 | D:2      | Reached XP level 5. HP: 28/29 MP: 5/9
  2328 | D:3      | Reached XP level 6. HP: 34/34 MP: 10/10
  2443 | D:3      | Noticed Robin
  2508 | D:2      | Killed Robin
  2791 | D:2      | Reached skill level 6 in Stealth
  2899 | D:3      | Reached skill level 3 in Short Blades
  3115 | D:3      | Found a runed translucent door.
  3116 | D:3      | Noticed Crazy Yiuf
  3131 | D:3      | Killed Crazy Yiuf
  3260 | D:3      | Reached skill level 4 in Dodging
  3630 | D:3      | Learned a level 3 spell: Tukima's Dance
  3640 | D:4      | Reached skill level 6 in Hexes
  3720 | D:4      | Reached XP level 7. HP: 39/39 MP: 12/12
  4325 | D:4      | Reached skill level 2 in Fighting
  4374 | D:4      | Noticed Pikel
  4388 | D:4      | Killed Pikel
  4389 | D:4      | Reached skill level 4 in Short Blades
  4389 | D:4      | Reached skill level 5 in Dodging
  4389 | D:4      | Reached skill level 7 in Stealth
  4389 | D:4      | Reached skill level 4 in Spellcasting
  4389 | D:4      | Reached skill level 7 in Hexes
  4389 | D:4      | Reached XP level 8. HP: 45/45 MP: 10/14
  4393 | D:4      | Learned a level 3 spell: Dazzling Flash
  4827 | D:4      | Found Baumm's Weapon Shop.
  5174 | D:5      | Entered Level 5 of the Dungeon
  5226 | D:5      | Reached skill level 8 in Stealth
  5448 | D:5      | Found Hoyrydui's Magic Scroll Boutique.
  5721 | D:5      | Reached skill level 5 in Short Blades
  6009 | D:5      | Reached skill level 8 in Hexes
  6166 | D:5      | Reached skill level 3 in Fighting
  6166 | D:5      | Reached skill level 6 in Dodging
  6166 | D:5      | Reached skill level 9 in Stealth
  6408 | D:5      | Reached XP level 9. HP: 50/50 MP: 10/16
  6810 | D:5      | Found an opulent altar of Gozag.
  6992 | D:6      | Reached skill level 5 in Spellcasting
  7297 | D:6      | Found a sacrificial altar of Ru.
  7299 | D:6      | Found a burning altar of Makhleb.
  7924 | D:7      | Reached skill level 6 in Short Blades
  8023 | D:7      | Found a staircase to the Ecumenical Temple.
  8044 | D:7      | Reached skill level 9 in Hexes
  8098 | Temple   | Entered the Ecumenical Temple
  8214 | Temple   | Became a worshipper of Dithmenos the Shadowed
  8328 | D:7      | Found a shimmering altar of Xom.
  8680 | D:6      | Reached skill level 10 in Stealth
  9156 | D:7      | Reached * piety under Dithmenos
  9601 | D:8      | Reached skill level 7 in Dodging
  9771 | D:8      | Found a staircase to the Lair.
  9771 | D:8      | Noticed a death yak
  9772 | D:8      | Noticed a death yak
  9772 | D:8      | Noticed a death yak
  9807 | D:8      | Killed a death yak
  9808 | D:8      | Reached XP level 10. HP: 56/56 MP: 12/18
  9995 | D:8      | Reached skill level 6 in Spellcasting
 10091 | D:8      | Reached skill level 7 in Short Blades
 10242 | D:8      | Killed a death yak
 10243 | D:8      | Reached skill level 4 in Fighting
 10243 | D:8      | Reached skill level 10 in Hexes
 10260 | D:8      | Killed a death yak
 10261 | D:8      | Reached skill level 11 in Stealth
 10539 | D:8      | Found Jilabaff's Antique Armour Shoppe.
 10911 | D:8      | Found a hazy altar of Hepliaklqana.
 10911 | D:8      | Found an ornate altar of the Wu Jian Council.
 10937 | D:8      | Noticed a centaur warrior
 10952 | D:8      | Killed a centaur warrior
 10953 | D:8      | Reached skill level 8 in Dodging
 11215 | D:8      | Found the cursed necklace of Bloodlust {*Rage +Rage Will++
                  | Int-3 Slay+6 *Curse}
 11528 | D:9      | Noticed a cyclops
 11596 | D:9      | Found a staircase to the Orcish Mines.
 11627 | D:9      | Found a roughly hewn altar of Beogh.
 11701 | D:9      | Reached ** piety under Dithmenos
 11754 | D:9      | Found Pikuesufyb's Distillery.
 11987 | D:9      | You fall into a shaft and drop 2 floors!
 12075 | D:11     | Noticed a boulder beetle
 12090 | D:11     | Killed a boulder beetle
 12091 | D:11     | Reached skill level 8 in Short Blades
 12091 | D:11     | Reached skill level 11 in Hexes
 12169 | D:11     | Reached XP level 11. HP: 62/62 MP: 21/21
 12190 | D:11     | Reached skill level 7 in Spellcasting
 12201 | D:11     | Noticed a red ugly thing
 12216 | D:11     | Killed a red ugly thing
 12217 | D:11     | Reached skill level 12 in Stealth
 12319 | D:10     | Entered Level 10 of the Dungeon
 13118 | D:10     | Found Adainehe's Gadget Shop.
 13122 | D:10     | Noticed a two-headed ogre
 13167 | D:10     | Killed a two-headed ogre
 13167 | D:10     | Reached *** piety under Dithmenos
 13970 | D:11     | Noticed a brown ugly thing
 13971 | D:11     | Noticed an eight-headed hydra
 13973 | D:11     | Killed a brown ugly thing
 14145 | D:11     | Noticed an unseen horror
 14153 | D:11     | Killed an unseen horror
 14154 | D:11     | Reached skill level 9 in Dodging
 14408 | D:11     | Reached skill level 5 in Fighting
 14433 | D:10     | Noticed a deep elf mage
 14518 | D:10     | Reached skill level 9 in Short Blades
 14792 | D:11     | Killed a deep elf mage
 14793 | D:11     | Reached skill level 13 in Stealth
 14802 | D:11     | Noticed a two-headed ogre
 14810 | D:11     | Killed a two-headed ogre
 14811 | D:11     | Reached skill level 12 in Hexes
 15113 | D:11     | Killed an eight-headed hydra
 15176 | D:11     | Noticed a stone giant
 15183 | D:11     | Reached skill level 8 in Spellcasting
 15206 | D:11     | Killed a stone giant
 15207 | D:11     | Reached XP level 12. HP: 68/68 MP: 18/24
 15376 | D:11     | Noticed a six-headed hydra
 15378 | D:11     | Killed a six-headed hydra
 15378 | D:11     | Reached **** piety under Dithmenos
 15674 | Lair:1   | Entered Level 1 of the Lair of Beasts
 15757 | Lair:1   | Found a dark tunnel.
 15762 | Volcano  | Entered a volcano
 15780 | Volcano  | Identified a potion of resistance
 15956 | Volcano  | Noticed a centaur warrior
 15970 | Volcano  | Killed a centaur warrior
 15971 | Volcano  | Reached skill level 10 in Dodging
 16021 | Volcano  | Found a radiant altar of Vehumet.
 16040 | Volcano  | Reached skill level 14 in Stealth
 16052 | Volcano  | Reached skill level 10 in Short Blades
 16402 | Lair:1   | Reached skill level 13 in Hexes
 16539 | Lair:1   | Noticed an eight-headed hydra
 16545 | Lair:1   | Killed an eight-headed hydra
 17105 | Lair:2   | Found a hole to the Spider Nest.
 17143 | Lair:2   | Found a broken altar of Ashenzari.
 17635 | Lair:3   | Reached skill level 6 in Fighting
 17638 | Lair:3   | Reached skill level 9 in Spellcasting
 17717 | Lair:3   | Noticed Sonja
 17818 | Lair:3   | Killed Sonja
 17884 | Lair:3   | Noticed Fannar
 17891 | Lair:3   | Killed Fannar
 17892 | Lair:3   | Reached XP level 13. HP: 74/74 MP: 21/26
 18787 | Lair:4   | Noticed Nergalle
 18817 | Lair:4   | Found a staircase to the Swamp.
 18871 | Lair:4   | Found a gate leading to a gauntlet.
 18880 | Gauntlet | Entered a Gauntlet
 18880 | Gauntlet | Found a transporter.
 18880 | Gauntlet | Found a transporter.
 19033 | Gauntlet | Found a transporter.
 19033 | Gauntlet | Found a transporter.
 19042 | Gauntlet | Found a transporter.
 19049 | Gauntlet | Found a transporter.
 19059 | Gauntlet | Found a transporter.
 19059 | Gauntlet | Found a transporter.
 19062 | Gauntlet | Found a transporter.
 19068 | Gauntlet | Found a transporter.
 19074 | Gauntlet | Found a transporter.
 19150 | Gauntlet | Found a transporter.
 19159 | Gauntlet | Found a transporter.
 19177 | Gauntlet | Found a transporter.
 19278 | Gauntlet | Found a transporter.
 19280 | Gauntlet | Found a large runed translucent door.
 19280 | Gauntlet | Found a large runed translucent door.
 19281 | Gauntlet | Found a large runed translucent door.
 19281 | Gauntlet | Found a large runed translucent door.
 19282 | Gauntlet | Found a runed translucent door.
 19282 | Gauntlet | Found a large runed translucent door.
 19282 | Gauntlet | Found a large runed translucent door.
 19282 | Gauntlet | Found a runed translucent door.
 19282 | Gauntlet | Found a large runed translucent door.
 19282 | Gauntlet | Found a large runed translucent door.
 19283 | Gauntlet | Found a large runed translucent door.
 19283 | Gauntlet | Found a large runed translucent door.
 19286 | Gauntlet | Found a large runed translucent door.
 19286 | Gauntlet | Found a large runed translucent door.
 19288 | Gauntlet | Found a large runed translucent door.
 19288 | Gauntlet | Found a large runed translucent door.
 19288 | Gauntlet | Found a large runed translucent door.
 19290 | Gauntlet | Found a runed translucent gate.
 19290 | Gauntlet | Found a runed translucent gate.
 19290 | Gauntlet | Found a runed translucent gate.
 19292 | Gauntlet | Found a transporter.
 19303 | Gauntlet | Found a large runed translucent door.
 19386 | Gauntlet | Reached skill level 15 in Stealth
 19436 | Gauntlet | Reached skill level 11 in Dodging
 19542 | Gauntlet | Reached skill level 14 in Hexes
 19592 | Gauntlet | Got a crude brass amulet
 19595 | Gauntlet | Identified the amulet of Iqorotz {Regen+ Str+7 Int+3} (You
                  | found it in a Gauntlet)
 19608 | Gauntlet | Quit the game

Vanquished Creatures
  A stone giant (D:11)
  Fannar (Lair:3)
  A boulder beetle (D:11)
  3 hydras
  2 centaur warriors
  A two-headed ogre (D:11)
  6 death yaks
  Sonja (Lair:3)
  A hell knight (Volcano)
  An unseen horror (D:11)
  A necromancer (Gauntlet)
  Pikel (D:4)
  A deep elf mage (D:11)
  2 oklob plants (Lair:3)
  2 ugly things (D:11)
  A manticore (D:11)
  3 cyclopes
  A centaur zombie (D:11)
  4 black mambas
  A gargoyle (D:11)
  5 cane toads
  2 komodo dragons (Lair:1)
  3 yaktaurs (Volcano)
  2 polar bears
  A troll (D:11)
  3 slime creatures (Gauntlet)
  3 blink frogs (Lair:3)
  Sigmund (D:2)
  3 shadows
  7 yaks
  2 wyverns
  2 wraiths
  A vampire (D:11)
  2 basilisks
  2 steam dragons (D:11)
  A vampire mosquito (D:11)
  A soldier ant (D:10)
  7 water moccasins
  An acid dragon (D:11)
  4 orc warriors
  6 sky beasts
  2 phantoms
  4 ice beasts
  A necrophage (D:9)
  A black bear (D:9)
  6 wolves
  4 ogres
  6 centaurs
  4 big kobolds
  11 bullfrogs
  A scorpion (Lair:2)
  A water moccasin skeleton (D:9)
  7 killer bees
  15 wights
  3 howler monkeys
  3 bullfrog zombies
  2 quasits
  A centaur skeleton (D:11)
  6 hounds
  7 jellies
  12 orc wizards
  Crazy Yiuf (D:3)
  3 bullfrog skeletons (D:4)
  10 orc priests
  7 hell rats
  3 iguanas
  9 worker ants
  Natasha (D:2)
  A hound zombie (D:11)
  4 hound skeletons
  Robin (D:2)
  A howler monkey zombie (D:7)
  3 worker ant zombies
  A howler monkey skeleton (D:10)
  14 adders
  4 gnolls
  2 river rats (D:8)
  4 shadow imps
  3 white imps
  3 ufetubi
  3 oozes
  2 adder skeletons
  An adder zombie (D:6)
  3 worms
  3 dart slugs
  7 leopard geckos
  43 orcs
  3 ball pythons
  11 bats
  4 giant cockroaches
  12 goblins
  5 hobgoblins
  10 jackals
  12 kobolds
  8 quokkas
  4 frilled lizards
  A giant cockroach zombie (D:6)
  A jackal skeleton (D:6)
  2 jackal zombies
  A leopard gecko skeleton (D:7)
  2 leopard gecko zombies (D:6)
  4 rats
  A butterfly (D:7)
409 creatures vanquished.

Vanquished Creatures (collateral kills)
  A two-headed ogre (D:10)
  A kobold (D:3)
2 creatures vanquished.

Vanquished Creatures (others)
  A yaktaur (Volcano)
  A dancing weapon (D:4)
  6 foxfires (Lair:4)
  A fungus (Lair:3)
  12 plants
21 creatures vanquished.

Grand Total: 432 creatures vanquished

Table legend: (Time is in decaauts)
 A = Elapsed time spent in this place.
 B = Non-inter-level travel time spent in this place.
 C = Inter-level travel time spent in this place.
 D = Time resting spent in this place.
 E = Time spent auto-exploring this place.
 F = Levels seen in this place.
 G = Mean time per level.
                   A        B        C        D        E       F      G
               +--------+--------+--------+--------+--------+-----+--------+
         Total |  19160 |  18377 |    783 |   1477 |  12661 |  18 | 1064.4 |
       Dungeon |  15185 |  14532 |    653 |   1308 |   9774 |  11 | 1380.5 |
        Temple |    132 |    117 |     15 |      0 |    112 |   1 |  132.0 |
          Lair |   2675 |   2561 |    114 |     16 |   2060 |   4 |  668.8 |
       Volcano |    459 |    459 |      0 |    153 |    188 |   1 |  459.0 |
      Gauntlet |    707 |    707 |      0 |      0 |    527 |   1 |  707.0 |
               +--------+--------+--------+--------+--------+-----+--------+

Top non-repeatable levels by time:
     D:8: 1756 daAuts
     D:2: 1629 daAuts
     D:5: 1612 daAuts
    D:10: 1607 daAuts
    D:11: 1488 daAuts
     D:4: 1463 daAuts
     D:6: 1315 daAuts
     D:7: 1218 daAuts
     D:3: 1137 daAuts
  Lair:3: 1133 daAuts
     D:9: 1012 daAuts
     D:1: 944 daAuts
  Lair:2: 840 daAuts
Gauntlet: 707 daAuts
  Lair:1: 616 daAuts

Table legend:
 A = Non-vault XP
 B = Vault XP
 C = Vault XP percentage of total XP
 D = Non-vault monster count
 E = Vault monster count
 F = Vault count percentage of total count
                 A         B        C        D         E       F
            +---------+---------+-------+---------+---------+-------
      Total |   20652 |   26989 |  56.7 |     283 |     127 |  31.0
            +---------+---------+-------+---------+---------+-------
        D:1 |      26 |       0 |   0.0 |      11 |       0 |   0.0
        D:2 |      85 |     285 |  77.0 |      26 |      10 |  27.8
        D:3 |     131 |      45 |  25.6 |      21 |       3 |  12.5
        D:4 |     599 |     617 |  50.7 |      24 |       1 |   4.0
        D:5 |     809 |     256 |  24.0 |      26 |       8 |  23.5
        D:6 |     971 |     238 |  19.7 |      26 |      10 |  27.8
        D:7 |     825 |       0 |   0.0 |      28 |       0 |   0.0
        D:8 |    1987 |    2329 |  54.0 |      23 |      11 |  32.4
        D:9 |     377 |    1038 |  73.4 |      13 |      12 |  48.0
       D:10 |    1145 |     395 |  25.6 |      20 |       6 |  23.1
       D:11 |    3503 |   10092 |  74.2 |      20 |      40 |  66.7
     Lair:1 |    2838 |     928 |  24.6 |      12 |       2 |  14.3
     Lair:2 |    2276 |     370 |  14.0 |       9 |       1 |  10.0
     Lair:3 |    3461 |    3647 |  51.3 |      14 |       8 |  36.4
     Lair:4 |     556 |       0 |   0.0 |       7 |       0 |   0.0
    Volcano |       0 |    2915 | 100.0 |       0 |       7 | 100.0
   Gauntlet |    1063 |    3834 |  78.3 |       3 |       8 |  72.7
            +---------+---------+-------+---------+---------+-------
